Capitals vs Rangers

Created - March 20, 2016 at 10:24

Goals
1 2 3 T
Capitals 1 0 0 1
Rangers 0 0 0 0
Shots
1 2 3 T
Capitals 6 5 11 22
Rangers 15 13 2 30

1st period

1. Capitals , Mike Green 6 (Derek Dorsett, Andrew Desjardins) at 12:27 (PP)

Penalties :
Mathieu Perreault (WSH) for Hooking (Minor) at 0:54, Mikael Backlund (NYR) for Holding (Minor) at 9:52, Calvin de Haan (WSH) for Hooking (Minor) at 9:52, Matt Calvert (NYR) for Hooking (Minor) at 12:01, Ryan McDonagh (WSH) for Holding (Minor) at 15:33

2nd period

No Goal

Penalties :
Andrew Desjardins (WSH) for Roughing (Minor) at 6:18, Bryce Salvador (WSH) for Holding (Minor) at 12:55, Matt Stajan (WSH) for Hooking (Minor) at 15:12

3rd period

No Goal

Penalties :
Sean Couturier (NYR) for Holding (Minor) at 1:42, Alex Goligoski (NYR) for Hooking (Minor) at 13:20

Goalie Stats

Cam Ward (WSH), 30 saves from 30 shots - (1.000), W, 21-22-7, 60:00 minutes
Brian Elliott (NYR), 21 saves from 22 shots - (0.955), L, 35-30-1, 59:36 minutes

Players Stats for Capitals

Player Name              G  A  P  +/- PIM S  H  SB GA TA FO     MP     PP MP  PK MP  
------------------------------------------------------------------------------------
Alexander Semin          0  0  0   0  0   1  0  0  0  0  0/0     7:54   0:00   0:08 
Andrew Desjardins        0  1  1   0  2   0  3  0  0  0  2/4    12:55   0:26   3:09 
Bryce Salvador           0  0  0   0  2   0  1  1  0  0  0/0    19:00   1:00   4:15 
Calvin de Haan           0  0  0   0  2   0  0  0  0  0  0/0    15:55   0:00   1:35 
Cody Eakin               0  0  0   0  0   1  0  0  0  0  7/11   20:33   3:11   5:56 
Curtis Lazar             0  0  0   0  0   0  1  0  0  0  2/3    15:09   0:00   0:00 
David Desharnais         0  0  0   0  0   0  0  0  0  0  10/14  15:37   1:13   3:28 
Derek Dorsett            0  1  1   0  0   3  3  0  0  0  0/1    12:32   3:11   0:00 
Jiri Tlusty              0  0  0   0  0   0  2  0  0  0  0/1    20:25   1:13   0:00 
Mathieu Perreault        0  0  0   0  2   4  2  0  0  0  9/23   15:27   2:45   0:00 
Matt Stajan              0  0  0   0  2   1  0  0  0  0  4/6     8:54   0:00   1:09 
Mike Green               1  0  1   0  0   2  0  2  0  0  0/0    25:50   3:24   4:52 
Morgan Rielly            0  0  0   0  0   0  0  2  0  0  0/0    14:36   0:00   0:15 
Nate Guenin              0  0  0   0  0   1  0  1  0  0  0/0    20:06   1:00   5:20 
Ryan Kesler              0  0  0   0  0   4  0  0  0  0  8/15   23:28   1:13   6:00 
Ryan McDonagh            0  0  0   0  2   1  0  1  0  0  0/0    24:30   3:24   3:33 
Ryan Murphy              0  0  0   0  0   0  0  0  0  0  0/0     0:00   0:00   0:00 
Taylor Hall              0  0  0   0  0   4  2  0  0  0  0/2    15:09   0:00   0:00 

Players Stats for Rangers

Player Name              G  A  P  +/- PIM S  H  SB GA TA FO     MP     PP MP  PK MP  
------------------------------------------------------------------------------------
Alex Goligoski           0  0  0   0  2   1  3  1  0  0  0/0    26:27   4:49   1:02 
Anton Volchenkov         0  0  0   0  0   1  0  0  0  0  0/0    11:00   0:00   0:35 
Benoit Pouliot           0  0  0   0  0   0  0  0  0  0  2/2    14:19   3:55   1:03 
Brad Richards            0  0  0   0  0   0  0  0  0  0  3/4     5:51   0:00   1:22 
Chris Tanev              0  0  0   0  0   2  1  0  0  0  0/0    25:47   4:49   2:07 
Craig Smith              0  0  0   0  0   3  0  0  0  0  1/6    14:29   3:55   0:40 
Eric Brewer              0  0  0   0  0   0  1  0  0  0  0/0    16:33   5:06   0:00 
Jaromir Jagr             0  0  0   0  0   2  1  0  0  0  0/0    23:51   6:00   0:00 
Karl Alzner              0  0  0   0  0   0  2  0  0  0  0/0    18:41   0:00   2:26 
Kris Russell             0  0  0   0  0   1  0  1  0  0  0/0    21:31   5:06   2:38 
Lance Bouma              0  0  0   0  0   1  1  0  0  0  1/1     6:17   0:00   0:23 
Matt Calvert             0  0  0   0  2   1  1  0  0  0  0/0     8:46   0:00   0:00 
Mikael Backlund          0  0  0   0  2   3  1  1  0  0  0/0    14:59   0:00   2:58 
Sean Couturier           0  0  0   0  2   4  4  0  0  0  10/18  21:58   6:00   1:59 
Steve Downie             0  0  0   0  0   2  0  0  0  0  0/0     4:29   0:00   0:00 
Tomas Tatar              0  0  0   0  0   5  2  0  0  0  3/10   22:09   3:55   0:23 
Tyler Ennis              0  0  0   0  0   3  0  0  0  0  5/13   18:35   6:00   0:00 
Zemgus Girgensons        0  0  0   0  0   1  4  0  0  0  13/26  17:51   0:00   0:00 

3 Stars

1 - Cam Ward (WSH)
2 - Brian Elliott (NYR)
3 - Mike Green (WSH)

Power Play

Capitals - 1 on 3 Attempt(s) - 33.33%
Rangers - 0 on 5 Attempt(s) - 0.00%

Penalty Kill

Capitals - 5 on 5 Attempt(s) - 100.00% - Score 0 goal in Penalty Kill
Rangers - 2 on 3 Attempt(s) - 66.67% - Score 0 goal in Penalty Kill

Team Stat

Capitals - Hits : 14 - Faceoff Wins : 42 - Blocked Shots : 7 - Penalty Minutes : 12
Rangers - Hits : 21 - Faceoff Wins : 38 - Blocked Shots : 3 - Penalty Minutes : 8

Official

Referees : Mark Lemelin and Eric Furlatt
Linesman : Tim Nowak and Shane Heyer

Game Notes

No Game Note

Finance

Level 1 -- Attendance: 4997 (76.88%) -- Ticket Income $624,625
Level 2 -- Attendance: 5000 (100.00%) -- Ticket Income $375,000
Level 3 -- Attendance: 3322 (94.91%) -- Ticket Income $166,100
Level 4 -- Attendance: 2006 (100.00%) -- Ticket Income $50,150
Luxury Box -- Attendance: 690 (69.00%) -- Ticket Income $172,500
Game was played at the Madison Square Garden.
Total Attendance: 16015 (88.94%)
Total Ticket Income: $1,388,375
Other Income: $208,256
Total Income: $1,596,631

% Time on Ice - Capitals

Lines # - Real PCT - Wanted PCT - Time Play
Normal Forward
1 - 33% - 33% - 14:16
2 - 27% - 30% - 11:26
3 - 22% - 22% - 9:21
4 - 18% - 15% - 7:46
Normal Defense
1 - 29% - 33% - 12:25
2 - 34% - 26% - 14:21
3 - 28% - 26% - 12:08
4 - 9% - 15% - 3:55
PP Forward
1 - 28% - 60% - 1:13
2 - 72% - 40% - 3:11
PP Defense
1 - 77% - 60% - 3:24
2 - 23% - 40% - 1:00
PK Forward
1 - 65% - 60% - 6:27
2 - 35% - 40% - 3:28
PK Defense
1 - 55% - 60% - 5:26
2 - 45% - 40% - 4:29
PK3 Forward
1 - 0% - 60%
2 - 0% - 40%
PK3 Defense
1 - 0% - 60%
2 - 0% - 40%
44 Forward
1 - 100% - 60% - 1:59
2 - 0% - 40% - 0:00
44 Defense
1 - 18% - 60% - 0:21
2 - 82% - 40% - 1:38
Last Minute Offensive  - 0:00
Last Minute Defensive  - 0:53
Total
Forward - 60:00
Defense - 60:00

% Time on Ice - Rangers

Lines # - Real PCT - Wanted PCT - Time Play
Normal Forward
1 - 41% - 40% - 17:51
2 - 28% - 30% - 12:02
3 - 20% - 20% - 8:47
4 - 10% - 10% - 4:29
Normal Defense
1 - 41% - 40% - 17:36
2 - 31% - 30% - 13:14
3 - 24% - 20% - 10:25
4 - 4% - 10% - 1:54
PP Forward
1 - 61% - 60% - 6:00
2 - 39% - 40% - 3:55
PP Defense
1 - 49% - 60% - 4:49
2 - 51% - 40% - 5:06
PK Forward
1 - 91% - 60% - 4:01
2 - 9% - 40% - 0:23
PK Defense
1 - 73% - 60% - 3:13
2 - 27% - 40% - 1:11
PK3 Forward
1 - 0% - 60%
2 - 0% - 40%
PK3 Defense
1 - 0% - 60%
2 - 0% - 40%
44 Forward
1 - 71% - 60% - 1:25
2 - 29% - 40% - 0:34
44 Defense
1 - 56% - 60% - 1:07
2 - 44% - 40% - 0:52
Last Minute Offensive  - 0:33
Last Minute Defensive  - 0:00
Total
Forward - 60:00
Defense - 60:00

Play by Play

1st period


0:01 of 1st period - Zemgus Girgensons wins face-off versus Ryan Kesler in neutral zone.
0:04 of 1st period - Taylor Hall is hit by Zemgus Girgensons and loses puck.
0:54 of 1st period - Minor Penalty to Mathieu Perreault for Hooking.
0:55 of 1st period - Cody Eakin wins face-off versus Tyler Ennis in Capitals zone.
1:39 of 1st period - Tyler Ennis is hit by Andrew Desjardins and loses puck.
2:17 of 1st period - Icing by Sean Couturier.
2:18 of 1st period - Tyler Ennis wins face-off versus Cody Eakin in Rangers zone.
3:05 of 1st period - Shot by Lance Bouma.
3:05 of 1st period - Shot Misses the Net.
4:06 of 1st period - Craig Smith is hit by Curtis Lazar and loses puck.
4:13 of 1st period - Icing by Nate Guenin.
4:14 of 1st period - Ryan Kesler wins face-off versus Sean Couturier in Capitals zone.
4:14 of 1st period - Ryan Kesler is hit by Sean Couturier.
4:42 of 1st period - Shot by Tyler Ennis.
4:42 of 1st period - Shot Hit the Post.
4:54 of 1st period - Shot by Benoit Pouliot.
4:54 of 1st period - Shot Misses the Net.
4:56 of 1st period - Shot by Matt Calvert.
4:56 of 1st period - Shot Misses the Net.
4:58 of 1st period - Shot by Karl Alzner.
4:58 of 1st period - Shot Misses the Net.
5:00 of 1st period - Shot by Karl Alzner.
5:00 of 1st period - Shot Misses the Net.
5:54 of 1st period - Shot by Lance Bouma.
5:54 of 1st period - Stopped by Cam Ward without a rebound.
5:55 of 1st period - Tomas Tatar wins face-off versus Mathieu Perreault in Capitals zone.
6:00 of 1st period - Shot by Zemgus Girgensons.
6:00 of 1st period - Stopped by Cam Ward without a rebound.
6:01 of 1st period - Mathieu Perreault wins face-off versus Sean Couturier in Capitals zone.
6:03 of 1st period - Icing by Nate Guenin.
6:04 of 1st period - Mathieu Perreault wins face-off versus Zemgus Girgensons in Capitals zone.
6:11 of 1st period - Shot by Cody Eakin.
6:11 of 1st period - Stopped by Brian Elliott without a rebound.
6:12 of 1st period - Mathieu Perreault wins face-off versus Zemgus Girgensons in Rangers zone.
6:23 of 1st period - Shot by Cody Eakin.
6:23 of 1st period - Deflect By Mathieu Perreault.
6:23 of 1st period - Stopped by Brian Elliott without a rebound.
6:24 of 1st period - Tyler Ennis wins face-off versus Ryan Kesler in Rangers zone.
6:41 of 1st period - Shot by Sean Couturier.
6:41 of 1st period - Shot Misses the Net.
6:43 of 1st period - Shot by Mikael Backlund.
6:43 of 1st period - Stopped by Cam Ward without a rebound.
6:44 of 1st period - Zemgus Girgensons wins face-off versus Mathieu Perreault in Capitals zone.
6:51 of 1st period - Shot by Tomas Tatar.
6:51 of 1st period - Stopped by Cam Ward without a rebound.
6:52 of 1st period - Mathieu Perreault wins face-off versus Zemgus Girgensons in Capitals zone.
6:54 of 1st period - Icing by Cody Eakin.
6:55 of 1st period - Zemgus Girgensons wins face-off versus Mathieu Perreault in Capitals zone.
7:12 of 1st period - Shot by Mathieu Perreault.
7:12 of 1st period - Stopped by Brian Elliott without a rebound.
7:13 of 1st period - Ryan Kesler wins face-off versus Tyler Ennis in Rangers zone.
7:52 of 1st period - Shot by Sean Couturier.
7:52 of 1st period - Stopped by Cam Ward without a rebound.
7:53 of 1st period - Mathieu Perreault wins face-off versus Tomas Tatar in Capitals zone.
9:04 of 1st period - Shot by Craig Smith.
9:04 of 1st period - Shot Misses the Net.
9:06 of 1st period - Shot by Anton Volchenkov.
9:06 of 1st period - Stopped by Cam Ward with a rebound.
9:08 of 1st period - Shot by Benoit Pouliot.
9:08 of 1st period - Shot Misses the Net.
9:12 of 1st period - Shot by Matt Calvert.
9:12 of 1st period - Shot Misses the Net.
9:14 of 1st period - Shot by Craig Smith.
9:14 of 1st period - Shot Misses the Net.
9:20 of 1st period - Shot by Benoit Pouliot.
9:20 of 1st period - Deflect By Matt Calvert.
9:20 of 1st period - Stopped by Cam Ward without a rebound.
9:21 of 1st period - David Desharnais wins face-off versus Tyler Ennis in Capitals zone.
9:23 of 1st period - Icing by Derek Dorsett.
9:24 of 1st period - David Desharnais wins face-off versus Sean Couturier in Capitals zone.
9:52 of 1st period - Minor Penalty to Mikael Backlund for Holding.
9:52 of 1st period - Minor Penalty to Calvin de Haan for Hooking.
9:53 of 1st period - Sean Couturier wins face-off versus David Desharnais in Capitals zone.
10:20 of 1st period - Shot by Ryan Kesler.
10:20 of 1st period - Shot Misses the Net.
10:47 of 1st period - Icing by Mike Green.
10:48 of 1st period - Benoit Pouliot wins face-off versus Mathieu Perreault in Capitals zone.
10:55 of 1st period - Shot by Craig Smith.
10:55 of 1st period - Stopped by Cam Ward without a rebound.
10:56 of 1st period - Benoit Pouliot wins face-off versus Mathieu Perreault in Capitals zone.
11:18 of 1st period - Icing by Mathieu Perreault.
11:19 of 1st period - Lance Bouma wins face-off versus Mathieu Perreault in Capitals zone.
12:00 of 1st period - Shot by Benoit Pouliot.
12:00 of 1st period - Shot Blocked by Mike Green.
12:01 of 1st period - Minor Penalty to Matt Calvert for Hooking.
12:02 of 1st period - Sean Couturier wins face-off versus Andrew Desjardins in Rangers zone.
12:02 of 1st period - Sean Couturier is hit by Derek Dorsett.
12:09 of 1st period - Icing by Ryan McDonagh.
12:10 of 1st period - Andrew Desjardins wins face-off versus Sean Couturier in Capitals zone.
12:27 of 1st period - Shot by Mike Green.
12:27 of 1st period - Goal by Mike Green - Capitals : 1 - Rangers : 0.
12:28 of 1st period - Zemgus Girgensons wins face-off versus Jiri Tlusty in neutral zone.
12:50 of 1st period - Jiri Tlusty is hit by Eric Brewer and loses puck.
14:33 of 1st period - Curtis Lazar is hit by Karl Alzner and loses puck.
14:53 of 1st period - Shot by Sean Couturier.
14:53 of 1st period - Stopped by Cam Ward without a rebound.
14:54 of 1st period - Zemgus Girgensons wins face-off versus David Desharnais in Capitals zone.
14:57 of 1st period - Shot by Tomas Tatar.
14:57 of 1st period - Stopped by Cam Ward without a rebound.
14:58 of 1st period - David Desharnais wins face-off versus Zemgus Girgensons in Capitals zone.
15:28 of 1st period - Zemgus Girgensons is hit by Bryce Salvador.
15:30 of 1st period - Shot by Jaromir Jagr.
15:30 of 1st period - Deflect By Tomas Tatar.
15:30 of 1st period - Stopped by Cam Ward without a rebound.
15:31 of 1st period - Sean Couturier wins face-off versus Ryan Kesler in Capitals zone.
15:33 of 1st period - Minor Penalty to Ryan McDonagh for Holding.
15:34 of 1st period - Cody Eakin wins face-off versus Tyler Ennis in Capitals zone.
15:40 of 1st period - Icing by Jaromir Jagr.
15:41 of 1st period - Tyler Ennis wins face-off versus Cody Eakin in Rangers zone.
16:11 of 1st period - Cody Eakin is hit by Jaromir Jagr and loses puck.
16:48 of 1st period - Shot by Tomas Tatar.
16:48 of 1st period - Stopped by Cam Ward without a rebound.
16:49 of 1st period - Cody Eakin wins face-off versus Tomas Tatar in Capitals zone.
16:49 of 1st period - Cody Eakin is hit by Tomas Tatar.
17:11 of 1st period - Shot by Eric Brewer.
17:11 of 1st period - Deflect By Craig Smith.
17:11 of 1st period - Stopped by Cam Ward without a rebound.
17:12 of 1st period - Ryan Kesler wins face-off versus Tyler Ennis in Capitals zone.
17:45 of 1st period - Icing by Morgan Rielly.
17:46 of 1st period - Matt Stajan wins face-off versus Craig Smith in Capitals zone.
17:46 of 1st period - Matt Stajan is hit by Matt Calvert.
18:01 of 1st period - Shot by Benoit Pouliot.
18:01 of 1st period - Shot Misses the Net.
18:17 of 1st period - Shot by Alexander Semin.
18:17 of 1st period - Stopped by Brian Elliott with a rebound.
18:19 of 1st period - Shot by Matt Stajan.
18:19 of 1st period - Stopped by Brian Elliott without a rebound.
18:20 of 1st period - Ryan Kesler wins face-off versus Zemgus Girgensons in Rangers zone.
18:21 of 1st period - Shot by Taylor Hall.
18:21 of 1st period - Deflect By Ryan Kesler.
18:21 of 1st period - Shot Misses the Net.
18:32 of 1st period - Mike Green is hit by Zemgus Girgensons.
18:34 of 1st period - Shot by Taylor Hall.
18:34 of 1st period - Shot Blocked by Alex Goligoski.
18:55 of 1st period - Icing by Chris Tanev.
18:56 of 1st period - Zemgus Girgensons wins face-off versus Mathieu Perreault in Rangers zone.
18:56 of 1st period - Zemgus Girgensons is hit by Mathieu Perreault.
19:02 of 1st period - Shot by Jaromir Jagr.
19:02 of 1st period - Stopped by Cam Ward with a rebound.
19:04 of 1st period - Shot by Tomas Tatar.
19:04 of 1st period - Shot Misses the Net.
19:06 of 1st period - Shot by Chris Tanev.
19:06 of 1st period - Shot Blocked by Nate Guenin.
19:08 of 1st period - Shot by Chris Tanev.
19:08 of 1st period - Stopped by Cam Ward with a rebound.
19:14 of 1st period - Shot by Zemgus Girgensons.
19:14 of 1st period - Shot Blocked by Bryce Salvador.
19:30 of 1st period - Shot by Sean Couturier.
19:30 of 1st period - Shot Misses the Net.
19:54 of 1st period - Shot by Tyler Ennis.
19:54 of 1st period - Shot Misses the Net.
Goals for this period are 1 for Capitals vs 0 for Rangers.
Shots for this period are 6 for Capitals vs 15 for Rangers.

2nd period


0:01 of 2nd period - Ryan Kesler wins face-off versus Zemgus Girgensons in neutral zone.
0:18 of 2nd period - Shot by Ryan Kesler.
0:18 of 2nd period - Stopped by Brian Elliott without a rebound.
0:19 of 2nd period - Sean Couturier wins face-off versus Mathieu Perreault in Rangers zone.
0:32 of 2nd period - Shot by Sean Couturier.
0:32 of 2nd period - Stopped by Cam Ward with a rebound.
0:38 of 2nd period - Shot by Tyler Ennis.
0:38 of 2nd period - Stopped by Cam Ward without a rebound.
0:39 of 2nd period - Curtis Lazar wins face-off versus Zemgus Girgensons in Capitals zone.
0:54 of 2nd period - Shot by Jaromir Jagr.
0:54 of 2nd period - Deflect By Zemgus Girgensons.
0:54 of 2nd period - Shot Blocked by Ryan McDonagh.
1:18 of 2nd period - Shot by Zemgus Girgensons.
1:18 of 2nd period - Deflect By Jaromir Jagr.
1:18 of 2nd period - Shot Blocked by Mike Green.
1:31 of 2nd period - Icing by Mike Green.
1:32 of 2nd period - Ryan Kesler wins face-off versus Sean Couturier in Capitals zone.
2:20 of 2nd period - Shot by Mathieu Perreault.
2:20 of 2nd period - Stopped by Brian Elliott without a rebound.
2:21 of 2nd period - Andrew Desjardins wins face-off versus Craig Smith in Rangers zone.
2:36 of 2nd period - Shot by Derek Dorsett.
2:36 of 2nd period - Stopped by Brian Elliott without a rebound.
2:37 of 2nd period - Matt Stajan wins face-off versus Zemgus Girgensons in Rangers zone.
2:40 of 2nd period - Shot by Jiri Tlusty.
2:40 of 2nd period - Deflect By Matt Stajan.
2:40 of 2nd period - Shot Misses the Net.
2:45 of 2nd period - Matt Stajan is hit by Alex Goligoski and loses puck.
3:45 of 2nd period - Icing by Kris Russell.
3:46 of 2nd period - Sean Couturier wins face-off versus Ryan Kesler in Rangers zone.
3:46 of 2nd period - Sean Couturier is hit by Taylor Hall.
4:18 of 2nd period - Shot by Taylor Hall.
4:18 of 2nd period - Stopped by Brian Elliott with a rebound.
4:36 of 2nd period - Icing by Kris Russell.
4:37 of 2nd period - Sean Couturier wins face-off versus Mathieu Perreault in Rangers zone.
4:42 of 2nd period - Mike Green is hit by Mikael Backlund and loses puck.
4:57 of 2nd period - Cody Eakin is hit by Sean Couturier and loses puck.
6:03 of 2nd period - Off-side.
6:04 of 2nd period - David Desharnais wins face-off versus Craig Smith in neutral zone.
6:18 of 2nd period - Minor Penalty to Andrew Desjardins for Roughing.
6:19 of 2nd period - Matt Stajan wins face-off versus Tomas Tatar in Capitals zone.
6:34 of 2nd period - Shot by Chris Tanev.
6:34 of 2nd period - Shot Misses the Net.
6:36 of 2nd period - Shot by Craig Smith.
6:36 of 2nd period - Shot Misses the Net.
6:59 of 2nd period - Icing by Tyler Ennis.
7:00 of 2nd period - David Desharnais wins face-off versus Tyler Ennis in Rangers zone.
8:06 of 2nd period - Off-side.
8:07 of 2nd period - Cody Eakin wins face-off versus Tomas Tatar in neutral zone.
8:50 of 2nd period - Shot by Karl Alzner.
8:50 of 2nd period - Shot Misses the Net.
8:52 of 2nd period - Shot by Lance Bouma.
8:52 of 2nd period - Shot Misses the Net.
8:56 of 2nd period - Shot by Steve Downie.
8:56 of 2nd period - Stopped by Cam Ward without a rebound.
8:57 of 2nd period - Ryan Kesler wins face-off versus Craig Smith in Capitals zone.
10:19 of 2nd period - Shot by Mathieu Perreault.
10:19 of 2nd period - Shot Misses the Net.
11:04 of 2nd period - Shot by Jaromir Jagr.
11:04 of 2nd period - Shot Misses the Net.
11:16 of 2nd period - Shot by Zemgus Girgensons.
11:16 of 2nd period - Shot Misses the Net.
11:28 of 2nd period - Shot by Tomas Tatar.
11:28 of 2nd period - Stopped by Cam Ward with a rebound.
11:40 of 2nd period - Shot by Sean Couturier.
11:40 of 2nd period - Shot Misses the Net.
12:10 of 2nd period - Shot by Mikael Backlund.
12:10 of 2nd period - Stopped by Cam Ward with a rebound.
12:19 of 2nd period - Shot by Tyler Ennis.
12:19 of 2nd period - Stopped by Cam Ward without a rebound.
12:20 of 2nd period - Brad Richards wins face-off versus Ryan Kesler in Capitals zone.
12:27 of 2nd period - Shot by Steve Downie.
12:27 of 2nd period - Stopped by Cam Ward without a rebound.
12:28 of 2nd period - Brad Richards wins face-off versus Ryan Kesler in Capitals zone.
12:47 of 2nd period - Shot by Ryan Kesler.
12:47 of 2nd period - Stopped by Brian Elliott without a rebound.
12:48 of 2nd period - Zemgus Girgensons wins face-off versus Mathieu Perreault in Rangers zone.
12:48 of 2nd period - Zemgus Girgensons is hit by Jiri Tlusty.
12:55 of 2nd period - Minor Penalty to Bryce Salvador for Holding.
12:56 of 2nd period - Tyler Ennis wins face-off versus Cody Eakin in Capitals zone.
12:59 of 2nd period - Shot by Chris Tanev.
12:59 of 2nd period - Stopped by Cam Ward without a rebound.
13:00 of 2nd period - Cody Eakin wins face-off versus Tyler Ennis in Capitals zone.
13:35 of 2nd period - Shot by Tyler Ennis.
13:35 of 2nd period - Stopped by Cam Ward without a rebound.
13:36 of 2nd period - Cody Eakin wins face-off versus Tomas Tatar in Capitals zone.
13:36 of 2nd period - Cody Eakin is hit by Tomas Tatar.
14:00 of 2nd period - Shot by Craig Smith.
14:00 of 2nd period - Stopped by Cam Ward with a rebound.
14:50 of 2nd period - Shot by Chris Tanev.
14:50 of 2nd period - Shot Misses the Net.
15:12 of 2nd period - Minor Penalty to Matt Stajan for Hooking.
15:13 of 2nd period - Tyler Ennis wins face-off versus David Desharnais in Capitals zone.
15:30 of 2nd period - Shot by Kris Russell.
15:30 of 2nd period - Stopped by Cam Ward without a rebound.
15:31 of 2nd period - Tomas Tatar wins face-off versus Cody Eakin in Capitals zone.
15:40 of 2nd period - Shot by Alex Goligoski.
15:40 of 2nd period - Stopped by Cam Ward without a rebound.
15:41 of 2nd period - David Desharnais wins face-off versus Tomas Tatar in Capitals zone.
16:07 of 2nd period - Off-side.
16:08 of 2nd period - David Desharnais wins face-off versus Tyler Ennis in neutral zone.
16:08 of 2nd period - David Desharnais is hit by Sean Couturier.
16:12 of 2nd period - Kris Russell is hit by Andrew Desjardins and loses puck.
16:45 of 2nd period - Shot by Sean Couturier.
16:45 of 2nd period - Stopped by Cam Ward without a rebound.
16:46 of 2nd period - Cody Eakin wins face-off versus Tomas Tatar in Capitals zone.
18:07 of 2nd period - Shot by Tyler Ennis.
18:07 of 2nd period - Shot Misses the Net.
18:09 of 2nd period - Shot by Tyler Ennis.
18:09 of 2nd period - Shot Blocked by Morgan Rielly.
18:53 of 2nd period - Icing by Morgan Rielly.
18:54 of 2nd period - Matt Stajan wins face-off versus Zemgus Girgensons in Capitals zone.
19:48 of 2nd period - Icing by Chris Tanev.
19:49 of 2nd period - Zemgus Girgensons wins face-off versus David Desharnais in Rangers zone.
19:49 of 2nd period - Zemgus Girgensons is hit by Andrew Desjardins.
Goals for this period are 0 for Capitals vs 0 for Rangers.
Shots for this period are 5 for Capitals vs 13 for Rangers.

3rd period


0:01 of 3rd period - Zemgus Girgensons wins face-off versus Taylor Hall in neutral zone.
0:58 of 3rd period - Bryce Salvador is hit by Zemgus Girgensons and loses puck.
1:23 of 3rd period - Shot by Mathieu Perreault.
1:23 of 3rd period - Shot Blocked by Mikael Backlund.
1:42 of 3rd period - Minor Penalty to Sean Couturier for Holding.
1:43 of 3rd period - Ryan Kesler wins face-off versus Brad Richards in Rangers zone.
2:47 of 3rd period - Shot by Mathieu Perreault.
2:47 of 3rd period - Stopped by Brian Elliott without a rebound.
2:48 of 3rd period - Brad Richards wins face-off versus Derek Dorsett in Rangers zone.
3:45 of 3rd period - Morgan Rielly is hit by Zemgus Girgensons and loses puck.
4:19 of 3rd period - Shot by Jaromir Jagr.
4:19 of 3rd period - Stopped by Cam Ward without a rebound.
4:20 of 3rd period - Craig Smith wins face-off versus Matt Stajan in Capitals zone.
5:29 of 3rd period - David Desharnais is hit by Alex Goligoski and loses puck.
6:10 of 3rd period - Shot by Ryan Kesler.
6:10 of 3rd period - Stopped by Brian Elliott without a rebound.
6:11 of 3rd period - Mathieu Perreault wins face-off versus Zemgus Girgensons in Rangers zone.
6:18 of 3rd period - Shot by Mathieu Perreault.
6:18 of 3rd period - Shot Hit the Post.
7:20 of 3rd period - Curtis Lazar is hit by Lance Bouma and loses puck.
7:27 of 3rd period - Shot by Lance Bouma.
7:27 of 3rd period - Shot Blocked by Morgan Rielly.
7:51 of 3rd period - Shot by Taylor Hall.
7:51 of 3rd period - Stopped by Brian Elliott without a rebound.
7:52 of 3rd period - David Desharnais wins face-off versus Sean Couturier in Rangers zone.
7:57 of 3rd period - Shot by Derek Dorsett.
7:57 of 3rd period - Stopped by Brian Elliott without a rebound.
7:58 of 3rd period - Zemgus Girgensons wins face-off versus Andrew Desjardins in Rangers zone.
7:58 of 3rd period - Zemgus Girgensons is hit by Derek Dorsett.
8:48 of 3rd period - Icing by Chris Tanev.
8:49 of 3rd period - Mathieu Perreault wins face-off versus Zemgus Girgensons in Rangers zone.
9:18 of 3rd period - Icing by Jaromir Jagr.
9:19 of 3rd period - Zemgus Girgensons wins face-off versus Ryan Kesler in Rangers zone.
9:34 of 3rd period - Shot by Taylor Hall.
9:34 of 3rd period - Stopped by Brian Elliott with a rebound.
9:58 of 3rd period - Shot by Tyler Ennis.
9:58 of 3rd period - Deflect By Mikael Backlund.
9:58 of 3rd period - Stopped by Cam Ward without a rebound.
9:59 of 3rd period - Mathieu Perreault wins face-off versus Craig Smith in Capitals zone.
10:35 of 3rd period - Icing by Jiri Tlusty.
10:36 of 3rd period - Sean Couturier wins face-off versus Mathieu Perreault in Capitals zone.
10:37 of 3rd period - Shot by Mikael Backlund.
10:37 of 3rd period - Shot Misses the Net.
10:49 of 3rd period - Mikael Backlund is hit by Jiri Tlusty.
11:44 of 3rd period - Icing by Chris Tanev.
11:45 of 3rd period - David Desharnais wins face-off versus Zemgus Girgensons in Rangers zone.
11:45 of 3rd period - David Desharnais is hit by Chris Tanev.
12:50 of 3rd period - Icing by Alex Goligoski.
12:51 of 3rd period - Curtis Lazar wins face-off versus Zemgus Girgensons in Rangers zone.
12:51 of 3rd period - Curtis Lazar is hit by Alex Goligoski.
13:20 of 3rd period - Minor Penalty to Alex Goligoski for Hooking.
13:21 of 3rd period - Sean Couturier wins face-off versus Mathieu Perreault in Rangers zone.
13:21 of 3rd period - Kris Russell is hit by Derek Dorsett and loses puck.
13:26 of 3rd period - Shot by Mathieu Perreault.
13:26 of 3rd period - Deflect By Derek Dorsett.
13:26 of 3rd period - Stopped by Brian Elliott with a rebound.
13:28 of 3rd period - Shot by Ryan McDonagh.
13:28 of 3rd period - Shot Misses the Net.
13:42 of 3rd period - Shot by Ryan McDonagh.
13:42 of 3rd period - Stopped by Brian Elliott without a rebound.
13:43 of 3rd period - David Desharnais wins face-off versus Sean Couturier in Rangers zone.
14:00 of 3rd period - Shot by Jiri Tlusty.
14:00 of 3rd period - Shot Blocked by Kris Russell.
14:02 of 3rd period - Shot by Nate Guenin.
14:02 of 3rd period - Stopped by Brian Elliott without a rebound.
14:03 of 3rd period - Mathieu Perreault wins face-off versus Sean Couturier in Rangers zone.
14:27 of 3rd period - Icing by Ryan McDonagh.
14:28 of 3rd period - Sean Couturier wins face-off versus Mathieu Perreault in Capitals zone.
14:39 of 3rd period - Sean Couturier is hit by Mathieu Perreault and loses puck.
14:53 of 3rd period - Icing by Cody Eakin.
14:54 of 3rd period - Tomas Tatar wins face-off versus Mathieu Perreault in Capitals zone.
15:31 of 3rd period - Shot by Ryan Kesler.
15:31 of 3rd period - Stopped by Brian Elliott without a rebound.
15:32 of 3rd period - Zemgus Girgensons wins face-off versus Matt Stajan in Rangers zone.
16:20 of 3rd period - Icing by Eric Brewer.
16:21 of 3rd period - Zemgus Girgensons wins face-off versus Taylor Hall in Rangers zone.
16:56 of 3rd period - Shot by Taylor Hall.
16:56 of 3rd period - Stopped by Brian Elliott with a rebound.
17:04 of 3rd period - Ryan McDonagh is hit by Sean Couturier and loses puck.
17:26 of 3rd period - Taylor Hall is hit by Karl Alzner and loses puck.
18:42 of 3rd period - Shot by Mathieu Perreault.
18:42 of 3rd period - Deflect By Cody Eakin.
18:42 of 3rd period - Shot Misses the Net.
19:26 of 3rd period - Shot by Mike Green.
19:26 of 3rd period - Stopped by Brian Elliott without a rebound.
19:27 of 3rd period - Sean Couturier wins face-off versus Curtis Lazar in Rangers zone.
19:36 of 3rd period - Rangers, Brian Elliott is pulled from the net.
19:48 of 3rd period - Sean Couturier is hit by Taylor Hall and loses puck.
Goals for this period are 0 for Capitals vs 0 for Rangers.
Shots for this period are 11 for Capitals vs 2 for Rangers.